cohdb
Replays
Latest Replays
All Replays
Popular Replays
Top Player Replays
Match Explorer
How It Works
Community
CoH3 Stats
Reddit
Sign in to upload your games and track your stats! →
Sign in with Steam
Match 44087035
Unlisted
Match 44087035
Overview
Messages
Build Orders
End
Kradschützen Motorcycle Team
Panzergrenadier Squad
Panzergrenadier Squad
Panzergrenadier Squad
Construct Light Support Kompanie
Fire Support Elements
Flakvierling Half-track
Panzerjäger Mechanized Group
Selects Panzerjäger Kommand Battlegroup
Selects Mine Fields
Selects GrB 39 Grenade Launcher Requisition
Vehicle Survival Package
Construct Mechanized Kompanie
*Mule
Ra11
DangerouslyDumb
Cohlonoscoper
A2O
Shark
Thomas Shelby
szwed
0
0
Comments
sign in to comment!
No comments posted yet!